 Dungeon Crawl Stone Soup version 0.31.0-11-ge490571c62 (webtiles) character file.

Game seed: 5796638567682576747

632 Gadfly the Insei (level 7, 0/78 HPs)
             Began as a Demonspawn Monk on Feb 2, 2024.
             Slain by Duvessa
             ... wielding a +0 short sword
              (12 damage)
             ... on level 4 of the Dungeon.
             The game lasted 00:07:01 (4291 turns).

Gadfly the Insei (Demonspawn Monk)                  Turns: 4291, Time: 00:07:01

Health: 0/78       AC: 10    Str: 17    XL:     7   Next: 24%
Magic:  7/7        EV: 13    Int: 10    God:
Gold:   166        SH:  0    Dex: 15    Spells: 6/6 levels left

rFire   . .          .
                       - Unarmed
rCold   . . .        (no shield)
rNeg    . . .        a - +1 robe
rPois   .            (no helmet)
rElec   .            e - +0 cloak "Raikhlet" {+Blink Str+3 SInv}
rCorr   .            (no gloves)
SInv    +            (no boots)
Will    .....        (no amulet) Stlth
                     (no ring)
HPRegen 0.33/turn    (no ring)
MPRegen 0.10/turn

%: no passive effects
@: berserking, lit by a corona, sanguine armoured, glowing, very quick
A: sanguine armour 1, condensation shield, demonic touch 2
a: Evoke Blink


You were on level 4 of the Dungeon.
You visited 1 branch of the dungeon, and saw 4 of its levels.
You also visited: Sewer.

You collected 166 gold pieces.

Inventory:

Armour
 a - a +1 robe (worn)
 c - an orb of light
 e - the +0 cloak "Raikhlet" (worn) {+Blink Str+3 SInv}
   (You found it on level 3 of the Dungeon)

   Str+3:     It affects your strength (+3).
   SInv:      It lets you see invisible.
   +Blink:    It lets you blink.
Jewellery
 f - a ring of ice
Talismans
 h - a maw talisman
Scrolls
 k - a scroll of identify
 l - 2 scrolls of teleportation
 o - a scroll of immolation
 p - 2 scrolls of vulnerability
 r - a scroll of enchant armour
Potions
 d - a potion of berserk rage
 g - a potion of attraction
 i - 3 potions of heal wounds
 j - 2 potions of mutation
 m - 2 potions of might
 n - a potion of curing
 q - a potion of enlightenment


   Skills:
 - Level 3.0 Fighting
 + Level 3.8 Dodging
 * Level 4.7 Unarmed Combat
 * Level 3.8 Evocations
 * Level 3.1 Shapeshifting


You had 6 spell levels left.
You didn't know any spells.
Your spell library was empty.

Dungeon Overview and Level Annotations

Branches:
Dungeon (4/15)              Sewer (visited)
 Temple: D:4-7

Altars:

Shops:
D:1 *   D:3 *

Annotations:
D:4 Duvessa


Innate Abilities, Weirdness & Mutations

When seriously injured, your blood forms armour. (AC +6)
A meltable shield of frost defends you. (SH +0)
Your touch may inflict irresistible damage on your foes.


Message History

Things that are here:
a +0 dagger; a +0 robe; the elf corpse of Dowan You hit Duvessa.
You punch Duvessa.
Duvessa is lightly wounded.
Duvessa closely misses you. x2
You hit Duvessa but do no damage.
Duvessa is lightly wounded.
Duvessa hits you with a +0 short sword!
You are too injured to fight recklessly!
You are too injured to fight recklessly!
Duvessa hits you but does no damage.
Okay, then.
You are confused.
You feel invigorated. Duvessa closely misses you.
A red film seems to cover your vision as you go berserk!
You feel yourself moving faster!
You feel mighty! Duvessa closely misses you.
Duvessa hits you with a +0 short sword!
* * * LOW HITPOINT WARNING * * *
You closely miss Duvessa. Your touch misses Duvessa.
Duvessa is lightly wounded.
Duvessa misses you.
You barely miss Duvessa.
Duvessa is lightly wounded.
Duvessa hits you with a +0 short sword!
* * * LOW HITPOINT WARNING * * *
You bump into the rock wall.
You feel less invigorated.
You feel less confused. Duvessa closely misses you.
You barely miss Duvessa.
You touch Duvessa!
Duvessa is moderately wounded.
Duvessa hits you with a +0 short sword!
* * * LOW HITPOINT WARNING * * *
You hit Duvessa but do no damage.
Duvessa is moderately wounded.
Duvessa hits you with a +0 short sword.
* * * LOW HITPOINT WARNING * * *
You hit Duvessa.
Duvessa is moderately wounded.
Duvessa hits you with a +0 short sword!
You die...

#........# #..#..#.# #.# #
##### #......# ##..#
##.#...# ##.....#
..#<.##..#...###..#...#
#............##..##...#
##.....###...†..####..#
.......>......#####...#
...........†.@e.......#####
.........#..<##.....<.....#
.........######...........#
(.....§..# #...........#
...(.....# #[###########
...gs..... #.# ........##.
... ##.....## ## ##.#
######


You could see Duvessa (berserk).

Vanquished Creatures
  Eustachio (D:3)
  A brain worm (Sewer)
  2 scorpions
  Dowan (D:4)
  A hound (D:3)
  Natasha (thrice) (D:3)
  3 gnolls (D:2)
  5 adders
  4 dart slugs
  3 ribbon worms (D:2)
  2 orcs
  11 bats
  4 endoplasms
  13 giant cockroaches
  5 goblins
  8 hobgoblins
  5 quokkas
  10 ball pythons
  8 frilled lizards
  4 kobolds (D:1)
  A rat (D:1)
95 creatures vanquished.

Notes
Turn   | Place    | Note
-------+----------+-------------------------------------------
     0 | D:1      | Gadfly the Demonspawn Monk began the quest for the Orb.
     0 | D:1      | Reached XP level 1. HP: 18/18 MP: 1/1
   171 | D:1      | Gained mutation: When seriously injured, your blood forms
                  | armour. (AC +6) [demonic ancestry]
   171 | D:1      | Reached XP level 2. HP: 24/24 MP: 2/2
   233 | D:1      | Found Aqou's General Store.
   277 | D:1      | Reached skill level 3 in Unarmed Combat
   346 | D:1      | Reached skill level 1 in Evocations
   534 | D:1      | Reached skill level 1 in Shapeshifting
   579 | D:1      | Reached XP level 3. HP: 19/29 MP: 3/3
  1202 | D:2      | Reached XP level 4. HP: 14/35 MP: 4/4
  1217 | D:2      | Noticed a scorpion
  1502 | D:2      | Killed a scorpion
  1503 | D:2      | Gained mutation: A meltable shield of frost defends you.
                  | (SH +0) [demonic ancestry]
  1503 | D:2      | Reached XP level 5. HP: 15/41 MP: 5/5
  2215 | D:3      | Found a glowing drain.
  2230 | Sewer    | Entered a sewer
  2435 | Sewer    | Reached skill level 4 in Unarmed Combat
  2634 | Sewer    | Gained mutation: Your touch may inflict minor irresistible
                  | damage on your foes. [demonic ancestry]
  2634 | Sewer    | Reached XP level 6. HP: 47/47 MP: 6/6
  2975 | D:3      | Identified the +0 cloak "Raikhlet" {+Blink Str+3 SInv}
  3095 | D:3      | Found Finkudet's Assorted Antiques.
  3204 | D:3      | Noticed Natasha
  3214 | D:3      | Killed Natasha
  3710 | D:3      | Noticed Natasha
  3720 | D:3      | Killed Natasha
  3825 | D:3      | Noticed Natasha
  3844 | D:3      | Killed Natasha
  3991 | D:4      | Noticed Eustachio
  4025 | D:3      | Killed Eustachio
  4108 | D:4      | Gained mutation: Your touch may inflict irresistible damage
                  | on your foes. [demonic ancestry]
  4108 | D:4      | Reached XP level 7. HP: 49/52 MP: 7/7
  4124 | D:4      | Noticed Duvessa
  4127 | D:4      | Noticed Dowan
  4275 | D:4      | Killed Dowan
  4291 | D:4      | Slain by Duvessa

Illustrated notes

Levels and vault maps discovered:
D:1:      lightli_arrival_boilingwater, layout_basic, serial_shops, shop
D:2:      layout_basic
D:3:      layout_loops_corners, gup_sewer_entry_pipe, serial_shops, shop,
          uniq_natasha
D:4:      layout_rooms, old_standard_altar, cheibriados_altar_1,
          minmay_temple_entry_trees, uniq_duvessa, uniq_eustachio

Skill      XL: |  1  2  3  4  5  6  7 |
---------------+----------------------+-----
Unarmed Combat | 3 4 |  4.7
Evocations     | 1 2 3 |  3.8
Shapeshifting  | 1 2 3 |  3.1
Dodging        | 3 |  3.8
Fighting       | |  3.0

Action                     |  1- 3 |  4- 6 |  7- 9 || total
---------------------------+-------+-------+-------++-------
  Melee: Unarmed           |   114 |   186 |    36 ||   336
         Touch             |       |    11 |     6 ||    17
         Punch             |       |     4 |     1 ||     5
    Use: Scroll            |     4 |    11 |       ||    15
         Potion            |       |     1 |     2 ||     3
   Stab: Sleeping          |       |     1 |       ||     1
 Armour: Robe              |    52 |    75 |    38 ||   165
  Dodge: Dodged            |    66 |   113 |    26 ||   205
  Block: Other             |       |    11 |     4 ||    15
